Map: Prion Terraces

Players

Spirit - Winner!

  • Race: Terran Terran
  • League: Grandmaster

State

  • Race: Protoss Protoss
  • League: Grandmaster

VOD

Have the link to the VOD?

Description

Time

  • Played on: Nov. 25, 2015, 12:46 a.m.
  • Length: 10:14
Show
View Real Time Build Order
Export as new Build Order

Spirit Terran - Winner!

Build Orders: Reaper Expand, MMM Bio 

Get SALT Encoding   

  12  0:00  SCV  
  13  0:13  SCV  
  14  0:17  Supply Depot  
  14  0:25  SCV  
  15  0:39  SCV  
  15  0:40  Barracks  
  16  0:43  Refinery  
  16  0:51  SCV  
  17  1:03  SCV  
  18  1:15  SCV  
  19  1:28  Orbital Command  
  19  1:29  Reaper  
  20  1:39  Command Center  
  20  1:48  Supply Depot  
  20  1:53  SCV  
  21  2:01  Barracks Reactor  
  21  2:06  SCV  
  22  2:18  SCV  
  22  2:22  Factory  
  23  2:26  Refinery  
  23  2:29  Bunker  
  23  2:30  SCV  
  24  2:37  Marine x2  
  24  2:42  SCV  
  27  2:50  Orbital Command  
  27  2:54  SCV  
  27  2:56  Marine x2  
  30  3:01  Supply Depot  
  30  3:06  SCV  
  30  3:07  Starport  
  30  3:09  Factory Tech Lab  
  31  3:17  SCV  
  31  3:18  SCV  
  33  3:20  Marine x2  
  35  3:30  Cyclone  
  35  3:31  SCV x2  
  40  3:38  Marine  
  40  3:39  Supply Depot, Marine  
  42  3:43  SCV x2  
  42  3:46  Medivac  
  47  3:55  SCV x2  
  47  4:07  Barracks  
  47  4:09  Barracks  
  47  4:11  SCV x2  
  47  4:16  Stimpack  
  47  4:17  Marauder  
  51  4:22  Refinery  
  51  4:23  SCV  
  51  4:24  SCV  
  53  4:25  Supply Depot  
  53  4:29  Starport Reactor  
  53  4:33  Engineering Bay  
  53  4:36  SCV x2  
  53  4:38  Marauder  
  57  4:48  SCV x2  
  57  4:52  Command Center  
  59  4:56  Barracks Tech Lab, Marine x2  
  61  5:04  SCV x2  
  61  5:06  Terran Infantry Weapons Level 1  
  61  5:07  Medivac, Marauder  
  64  5:08  Supply Depot  
  64  5:11  Supply Depot  
  66  5:19  Marauder  
  66  5:21  Marine x2  
  65  5:30  SCV x2  
  64  5:38  Marauder  
  63  5:43  SCV x2  
  63  5:45  Refinery  
  65  5:51  Medivac  
  65  5:52  Marauder, Marine x2  
  65  5:55  SCV x2  
  73  6:02  Combat Shields, Marauder  
  75  6:04  Orbital Command  
  75  6:07  SCV x2  
  77  6:15  Marauder  
  77  6:16  Marine  
  77  6:17  Marine  
  81  6:20  Concussive Shells  
  81  6:30  SCV x2  
  83  6:34  Orbital Command  
  83  6:36  Marauder  
  83  6:37  Marauder  
  83  6:39  Marine  
  87  6:40  Marine  
  87  6:42  SCV x2  
  91  6:47  Armory, Engineering Bay  
  91  6:48  Supply Depot  
  91  6:54  Medivac x2  
  86  7:05  Marauder x2, Marine x2  
  86  7:06  Liberator  
  86  7:07  Factory Reactor, Liberator  
  90  7:09  Barracks  
  90  7:10  Barracks  
  90  7:14  SCV x3  
  93  7:23  Marine x2  
  93  7:26  SCV  
  93  7:27  SCV x2  
  98  7:44  Marauder x2, Marine  
  98  7:45  Widow Mine x2, Marine  
  98  7:47  SCV, Refinery  
  98  7:48  Refinery  
  109  7:52  SCV x2  
  109  7:54  Supply Depot  
  109  7:56  Supply Depot  
  109  7:59  Barracks Tech Lab, Liberator x2  
  109  8:00  Barracks Reactor  
  109  8:02  Ghost Academy  
  109  8:03  Supply Depot  
  109  8:07  SCV x2  
  109  8:16  Marauder  
  109  8:17  Marauder  
  109  8:18  Marine x2  
  109  8:19  SCV x2  
  123  8:26  Supply Depot  
  123  8:27  Supply Depot  
  123  8:28  Supply Depot  
  123  8:31  Ghost  
  125  8:41  Ghost x2, Marine x4  
  125  8:48  SCV  
  134  8:56  Supply Depot  
  134  8:57  Supply Depot  
  134  8:59  Marine x4  
  134  9:02  Missile Turret  
  138  9:03  Marauder  
  140  9:11  Marauder  
  142  9:18  Marine x4  
  146  9:25  Ghost  
  145  9:34  Marauder x2  
  145  9:36  Marine x2  
  157  9:43  Marine x2  
  156  9:58  Command Center  
Show
View Real Time Build Order
Export as new Build Order

State Protoss 

Build Orders: 1 Gate Expand 

Get SALT Encoding   

  12  0:00  Probe (Chrono Boost)  
  13  0:11  Probe (Chrono Boost)  
  14  0:20  Pylon  
  14  0:22  Probe (Chrono Boost)  
  15  0:38  Gateway  
  15  0:39  Probe (Chrono Boost)  
  17  0:50  Probe (Chrono Boost)  
  17  0:51  Assimilator  
  17  1:00  Probe (Chrono Boost)  
  18  1:11  Probe (Chrono Boost)  
  19  1:23  Nexus  
  19  1:25  Probe (Chrono Boost)  
  20  1:34  Cybernetics Core  
  20  1:36  Probe (Chrono Boost)  
  21  1:45  Assimilator  
  22  1:47  Probe (Chrono Boost)  
  22  1:57  Probe (Chrono Boost)  
  22  2:00  Pylon  
  23  2:18  Adept  
  23  2:19  Mothership Core (Chrono Boost)  
  27  2:29  Warp Gate  
  27  2:35  Probe (Chrono Boost)  
  29  2:37  Probe (Chrono Boost)  
  29  2:45  Adept  
  29  2:46  Probe (Chrono Boost)  
  29  2:47  Probe (Chrono Boost)  
  33  2:56  Probe (Chrono Boost)  
  33  2:58  Probe (Chrono Boost)  
  34  3:01  Robotics Facility  
  34  3:07  Probe (Chrono Boost)  
  34  3:08  Probe (Chrono Boost)  
  34  3:12  Adept  
  38  3:17  Probe (Chrono Boost)  
  38  3:19  Probe (Chrono Boost)  
  40  3:22  Pylon  
  40  3:28  Probe (Chrono Boost)  
  40  3:30  Probe (Chrono Boost)  
  42  3:38  Probe (Chrono Boost)  
  42  3:40  Probe (Chrono Boost)  
  44  3:42  Adept  
  44  3:45  Gateway  
  44  3:46  Gateway  
  46  3:49  Probe (Chrono Boost)  
  46  3:51  Probe (Chrono Boost)  
  48  3:58  Warp Prism (Chrono Boost)  
  48  3:59  Probe (Chrono Boost)  
  48  4:01  Probe (Chrono Boost)  
  52  4:04  Assimilator  
  52  4:08  Probe  
  52  4:10  Assimilator  
  52  4:12  Probe  
  52  4:16  Forge  
  54  4:17  Twilight Council  
  54  4:29  Pylon  
  53  4:31  Pylon  
  53  4:34  Observer (Chrono Boost)  
  54  4:42  Pylon  
  54  4:45  Protoss Ground Armor Level 1  
  54  4:46  Probe  
  54  4:47  Probe  
  56  4:54  Observer (Chrono Boost)  
  56  4:56  Probe  
  56  4:59  Probe  
  59  5:01  Adept x3  
  65  5:07  Probe  
  65  5:09  Resonating Glaives (Chrono Boost)  
  65  5:11  Probe  
  67  5:17  Probe  
  66  5:23  Probe  
  66  5:28  Probe  
  65  5:34  Adept x3  
  70  5:38  Pylon  
  70  5:39  Pylon  
  66  5:44  Immortal (Chrono Boost)  
  70  5:52  Nexus  
  70  5:58  Templar Archives  
  70  5:59  Gateway  
  70  6:00  Gateway  
  70  6:01  Gateway  
  70  6:08  Sentry x3  
  70  6:10  Probe x2  
  78  6:22  Probe x2, Pylon  
  78  6:23  Immortal  
  83  6:36  Pylon  
  83  6:39  Adept x3, Psionic Storm  
  87  6:40  Probe x2  
  87  6:42  Pylon  
  89  6:48  Protoss Ground Armor Level 2 (Chrono Boost)  
  89  6:59  Adept  
  89  7:00  Adept x2  
  95  7:05  Warp Prism  
  95  7:07  Probe x2  
  97  7:12  Charge  
  99  7:23  Zealot x4  
  101  7:30  Pylon  
  101  7:32  Adept x2  
  101  7:33  Adept x2  
  101  7:36  Pylon  
  94  7:45  Adept x4  
  102  7:51  Probe  
  102  7:52  Probe  
  101  8:02  High Templar x2  
  101  8:04  Probe x2, Pylon  
  103  8:16  Probe  
  103  8:18  High Templar x2  
  108  8:21  Gateway  
  108  8:24  Gateway  
  108  8:26  Gateway  
  108  8:29  Gateway  
  108  8:35  Zealot x4  
  116  8:41  Assimilator  
  116  8:42  Assimilator  
  116  8:45  Gateway  
  116  8:46  Gateway  
  116  8:49  Gateway  
  116  8:51  Gateway  
  116  8:57  Zealot x6  
  128  9:04  Pylon x2  
  125  9:23  Adept  
  125  9:24  Adept x5  
  107  9:47  Stalker x5  
  107  9:52  Stalker x3  
Tags
 
Add a new tag
Caveats
  • Supply blocks, unpowered buildings, or Contaminate may cause inaccurate times.
  • Supply counts are checked every 10 seconds.